 Dungeon Sprint DCSS version 0.19-a0-599-g723c685 (webtiles) character file.

73299 Groucho the Hoplite (level 15, -31/112 HPs)
             Began as a Gargoyle Berserker on June 10, 2016.
             Was the Champion of Trog.
             Killed from afar by Xtahua (57 damage)
             ... with a searing blast
             ... in the Dungeon (Sprint IX: "|||||||||||||||||||||||||||||").
             The game lasted 00:23:05 (5554 turns).

Groucho the Hoplite (Gargoyle Berserker)            Turns: 5554, Time: 00:23:05

Health: -31/112    AC: 42    Str: 24    XL:     15   Next: 42%
Magic:  19/19      EV: 15    Int:  8    God:    Trog [******]
Gold:   1473       SH: 25    Dex: 12    Spells: 0 memorised, 14 levels left

rFire  . . .     SeeInvis .     v - +2 demon whip (vamp)
rCold  . . .     Gourm    .     K - +2 plate armour {rPois}
rNeg   + . .     Faith    .     J - +1 large shield {AC+3}
rPois  ∞         Spirit   .     L - +1 helmet
rElec  +         Dismiss  .     (no cloak)
rCorr  .         Reflect  .     o - +0 pair of gloves
SustAt .         Harm     .     M - +1 pair of boots
MR     +....     NoTele   +     (no amulet)
Stlth  ..........               (no ring)
                                (no ring)

@: somewhat resistant to hostile enchantments, extremely unstealthy
A: big wings, negative energy resistance 1, electricity resistance, unbreathing,
petrification resistance, rot immunity, AC +11
a: Fly, Berserk, Trog's Hand, Brothers in Arms, Burn Spellbooks, Renounce
Religion


You were in the Dungeon.
You worshipped Trog.
Trog was exalted by your worship.
You were not hungry.

You visited 1 branch You collected 1941 gold pieces.
You spent 468 gold pieces at shops.

Inventory:

Hand Weapons
 c - a +2 great mace of draining
 m - a +2 dire flail of holy wrath
 u - the +4 great sword of Cocvie {slice, rPois Str+4}
   (Trog gifted it to you in the Dungeon)

   It inflicts extra damage upon your enemies.
   It affects your strength (+4).
   It protects you from poison.
 v - a +2 vampiric demon whip (weapon)
 y - a +1 antimagic morningstar
 B - a +1 dire flail of holy wrath
 D - a +2 antimagic great mace
 E - a cursed -3 great mace
 O - a +4 antimagic eveningstar
Missiles
 a - 7 javelins of penetration
 C - 8 steel javelins (quivered)
Armour
 o - a +0 pair of gloves (worn)
 J - a +1 large shield of protection (worn)
 K - a +2 plate armour of poison resistance (worn)
 L - a +1 helmet (worn)
 M - a +1 pair of boots (worn)
Jewellery
 f - the ring "Link" {rN+ MR+ Int-5 SInv Stlth+}
   (You found it in the Dungeon)

   [ring of stealth]

   It affects your intelligence (-5).
   It protects you from negative energy.
   It affects your resistance to hostile enchantments.
   It lets you see invisible.
   It makes you more stealthy.
 q - a +3 ring of dexterity
 r - a +3 ring of intelligence
 H - an uncursed ring of protection from fire
 I - an uncursed ring of protection from cold
Wands
 l - a wand of acid (0/15)
 F - a wand of hasting (2/9)
Scrolls
 i - a scroll of blinking
 k - 5 scrolls of remove curse
 s - 3 scrolls of fog
 t - a scroll of recharging
 G - 2 scrolls of enchant armour
 N - a scroll of identify
Potions
 b - 2 potions of brilliance
 d - 6 potions of curing
 e - a potion of heal wounds
 g - 4 potions of magic
 h - 2 potions of berserk rage
 j - a potion of invisibility
 n - a potion of might
 p - a potion of agility
 w - a potion of flight
Comestibles
 x - 39 fruits
 z - 9 bread rations
 A - 10 meat rations


   Skills:
 * Level 20.0 Fighting
 * Level 16.6 Maces & Flails
 * Level 19.8 Armour
 * Level 16.0 Dodging
 * Level 23.1 Shields
 - Level 5.8 Evocations


You had 14 spell levels left.
You didn't know any spells.

Dungeon Overview and Level Annotations

Branches:
Dungeon (1/1)

Altars:
Cheibriados
Dithmenos
Elyvilon
Fedhas
Gozag
Hepliaklqana
Kikubaaqudgha
Makhleb
Nemelex Xobeh
Okawaru
Pakellas
Qazlal
Ru
Sif Muna
Trog
Uskayaw
Vehumet
Xom
Yredelemnul
Zin
The Shining One
Beogh
Jiyva
Lugonu

Shops:
D }[::

Annotations:
D Xtahua


Innate Abilities, Weirdness & Mutations

You are resistant to torment.
Your stone body is resilient. (AC +11)
You are immune to poison.
Your large and strong wings let you fly indefinitely.
You resist negative energy. (rN+)
You are resistant to electric shocks. (rElec)
You can survive without breathing.
You are immune to petrification.
You are immune to rotting.


Message History

Xtahua bites you but does no damage. Xtahua claws you but does no damage.
Xtahua tramples you but does no damage. Xtahua breathes flames at you.
The searing blast hits you! Xtahua roars overwhelmingly at you!
You shrug off the repeated paralysis!
Xtahua bites you. Xtahua claws you but does no damage.
Xtahua tramples you but does no damage. The necromancer casts a spell at you.
The bolt of fire hits Xtahua.
Xtahua resists.
The bolt of fire hits you!
* * * LOW HITPOINT WARNING * * *
Xtahua bites you!
* * * LOW HITPOINT WARNING * * *
Xtahua claws you but does no damage. Xtahua tramples you but does no damage.
You can move again.
You feel much better. Xtahua breathes flames at you.
The searing blast hits you!
Ouch! That really hurt!
You die...

.................................
▓▓▓▓▓▓▓▓▓▓▓▓▓▓▓▓▓▓▓▓▓▓▓▓▓▓▓▓▓▓▓▓▓
..'......†)†'....)))))'.).)))))))
▓▓▓▓▓▓▓▓▓▓▓▓▓▓▓▓▓▓▓▓▓▓▓▓▓▓▓▓▓▓▓▓▓
.÷...)...........................
▓▓▓▓▓▓▓▓▓▓▓▓▓▓▓▓▓▓▓▓▓▓▓▓▓▓▓▓▓▓▓▓▓
.......)))))()(((.))))....))))†..
▓▓▓▓▓▓▓▓▓▓▓▓▓▓▓▓▓▓▓▓▓▓▓▓▓▓▓▓▓▓▓▓▓
....)........§..@Dpp{p..
▓▓▓▓▓▓▓▓▓▓▓▓▓▓▓▓▓▓▓▓▓▓▓▓


You could see Xtahua, a hell knight and 2 necromancers.

Vanquished Creatures
  Margery (D)
  Nikola (D)
  A lich (D)
  4 fire giants (D)
  2 greater nagas (D)
  A frost giant (D)
  Wiglaf (D)
  An emperor scorpion (D)
  4 very ugly things (D)
  An ironheart preserver (D)
  Nessos (D)
  A vampire knight (D)
  A spark wasp (D)
  2 ettins (D)
  3 yaktaur captains (D)
  A merfolk impaler (D)
  An entropy weaver (D)
  4 hydras (D)
  2 anacondas (D)
  An alligator (D)
  Erolcha (D)
  A ghost crab (D)
  A naga warrior (D)
  A centaur warrior (D)
  2 catoblepae (D)
  An ogre mage (D)
  Urug (D)
  5 orc high priests (D)
  3 death yaks (D)
  A deep troll earth mage (D)
  A fire crab (D)
  A skeletal warrior (D)
  A giant orange brain (D)
  A swamp dragon (shapeshifter) (D)
  14 orc knights (D)
  A mana viper (D)
  2 ironbrand convokers (D)
  A necromancer (D)
  A salamander (D)
  4 wolf spiders (D)
  2 ugly things (D)
  A griffon (D)
  A cyclops (D)
  3 manticores (D)
  A black mamba (D)
  Maurice (D)
  2 spiny frogs (D)
  4 yaktaurs (D)
  2 komodo dragons (D)
  A tengu conjurer (D)
  2 demonic crawlers (D)
  6 merfolk (D)
  A two-headed ogre (shapeshifter) (D)
  A blink frog (D)
  A bog body (D)
  A boulder beetle (shapeshifter) (D)
  2 slime creatures (D)
  A tarantella (D)
  A wyvern (D)
  A water elemental (D)
  2 yaks (D)
  A hippogriff (D)
  A naga (D)
  2 water moccasins (D)
  A porcupine (D)
  12 orc warriors (D)
  An ogre (D)
  A phantom (D)
  A wasp (D)
  A necrophage (D)
  A howler monkey (D)
  A hound (D)
  A jelly (D)
  2 orc priests (D)
  2 orc wizards (D)
  3 iguanas (D)
  A worker ant (D)
  A sheep (D)
  4 river rats (D)
  An adder skeleton (D)
  2 dart slugs (D)
  2 giant geckos (D)
  7 orcs (D)
  A bat (D)
  A giant cockroach (D)
  A goblin (D)
  A hobgoblin (D)
  A jackal (D)
  2 giant gecko zombies (D)
  A rat (D)
172 creatures vanquished.

Vanquished Creatures (collateral kills)
  A shadow dragon (D)
  2 entropy weavers (D)
  An orc wizard (D)
4 creatures vanquished.

Vanquished Creatures (others)
  A thorn hunter (D)
  A hydra (D)
  A merfolk aquamancer (D)
  A tengu warrior (D)
  A deep elf mage (D)
  A giant leech (D)
  A yak (D)
  An insubstantial wisp (D)
  A wasp (D)
  A shadow imp (D)
10 creatures vanquished.

Grand Total: 186 creatures vanquished

Notes
Turn   | Place    | Note
--------------------------------------------------------------
     0 | D        | Groucho the Gargoyle Berserker began the quest for the Orb.
     0 | D        | Reached XP level 1. HP: 14/14 MP: 1/1
    13 | D        | Reached ** piety under Trog
    16 | D        | Reached XP level 2. HP: 19/20 MP: 2/2
    26 | D        | Reached *** piety under Trog
    33 | D        | Reached XP level 3. HP: 15/24 MP: 3/3
    46 | D        | Reached **** piety under Trog
   212 | D        | Found a glowing silver altar of Zin.
   212 | D        | Found a glowing golden altar of the Shining One.
   212 | D        | Found an ancient bone altar of Kikubaaqudgha.
   212 | D        | Found a basalt altar of Yredelemnul.
   212 | D        | Found a shimmering altar of Xom.
   212 | D        | Found a radiant altar of Vehumet.
   213 | D        | Found an iron altar of Okawaru.
   214 | D        | Found a burning altar of Makhleb.
   215 | D        | Found a deep blue altar of Sif Muna.
   216 | D        | Found a bloodstained altar of Trog.
   217 | D        | Found a sparkling altar of Nemelex Xobeh.
   218 | D        | Found a white marble altar of Elyvilon.
   219 | D        | Found a roughly hewn altar of Beogh.
   220 | D        | Found a viscous altar of Jiyva.
   221 | D        | Found a corrupted altar of Lugonu.
   222 | D        | Found a blossoming altar of Fedhas.
   223 | D        | Found a snail-covered altar of Cheibriados.
   224 | D        | Found a shadowy altar of Dithmenos.
   225 | D        | Found a stormy altar of Qazlal.
   226 | D        | Found an opulent altar of Gozag.
   227 | D        | Found a sacrificial altar of Ru.
   228 | D        | Found an oddly glowing altar of Pakellas.
   229 | D        | Found a hide-covered altar of Uskayaw.
   230 | D        | Found a hazy altar of Hepliaklqana.
   383 | D        | Noticed a phantom
   388 | D        | Killed a phantom
   388 | D        | Reached skill level 5 in Maces & Flails
   388 | D        | Reached skill level 5 in Armour
   388 | D        | Reached XP level 4. HP: 32/32 MP: 4/4
   388 | D        | Reached XP level 5. HP: 36/36 MP: 5/5
   399 | D        | Reached ***** piety under Trog
   399 | D        | Reached skill level 5 in Dodging
   399 | D        | Reached XP level 6. HP: 34/44 MP: 6/6
   414 | D        | Noticed a necrophage
   414 | D        | Noticed a manticore
   414 | D        | Noticed a manticore
   421 | D        | Killed a manticore
   421 | D        | Reached XP level 7. HP: 48/51 MP: 7/7
   430 | D        | Killed a manticore
   430 | D        | Reached skill level 10 in Fighting
   430 | D        | Reached XP level 8. HP: 19/57 MP: 8/8
   433 | D        | Received a gift from Trog
   439 | D        | Reached skill level 10 in Armour
   565 | D        | Noticed Erolcha
   576 | D        | Killed Erolcha
   576 | D        | Reached skill level 10 in Maces & Flails
   576 | D        | Reached XP level 9. HP: 40/64 MP: 9/9
   750 | D        | Got the ring "Link" {rN+ MR+ Int-5 SInv Stlth+}
   766 | D        | Noticed a spiny frog
   781 | D        | Received a gift from Trog
   799 | D        | Killed a spiny frog
   868 | D        | Noticed a komodo dragon
   868 | D        | Noticed a four-headed hydra
   868 | D        | Noticed a komodo dragon
   868 | D        | Noticed a spiny frog
   870 | D        | Killed a spiny frog
   876 | D        | Killed a four-headed hydra
   876 | D        | Reached ****** piety under Trog
   876 | D        | Received a gift from Trog
   876 | D        | Reached XP level 10. HP: 40/72 MP: 10/10
   879 | D        | Reached skill level 10 in Dodging
   880 | D        | Noticed a five-headed hydra
  1340 | D        | Received a gift from Trog
  1356 | D        | Got a shimmering great sword {god gift}
  1357 | D        | Identified the +4 great sword of Cocvie {slice, rPois Str+4} (Trog gifted it to you in the Dungeon)
  1382 | D        | Killed a five-headed hydra
  1395 | D        | Noticed a death yak
  1395 | D        | Noticed a death yak
  1395 | D        | Noticed a catoblepas
  1395 | D        | Noticed a catoblepas
  1399 | D        | Noticed a death yak
  1406 | D        | Killed a catoblepas
  1418 | D        | Killed a catoblepas
  1418 | D        | Reached XP level 11. HP: 42/80 MP: 11/11
  1426 | D        | Killed a death yak
  1426 | D        | Received a gift from Trog
  1438 | D        | Killed a death yak
  1447 | D        | Killed a death yak
  1865 | D        | Noticed Urug
  1881 | D        | Killed Urug
  1881 | D        | Reached skill level 15 in Fighting
  1967 | D        | Received a gift from Trog
  1989 | D        | Received a gift from Trog
  2010 | D        | Received a gift from Trog
  2071 | D        | Noticed an orc knight
  2071 | D        | Noticed an orc knight
  2080 | D        | Reached skill level 15 in Armour
  2094 | D        | Killed an orc knight
  2100 | D        | Received a gift from Trog
  2112 | D        | Killed an orc knight
  2147 | D        | Received a gift from Trog
  2335 | D        | Found Foshut's Book Boutique.
  2335 | D        | Noticed an orc high priest
  2335 | D        | Noticed an orc high priest
  2335 | D        | Noticed an orc knight
  2335 | D        | Noticed an orc knight
  2335 | D        | Noticed an orc knight
  2336 | D        | Noticed a sun demon
  2345 | D        | Killed an orc knight
  2346 | D        | Noticed an orc high priest
  2356 | D        | Killed an orc knight
  2357 | D        | Found Raek's Book Shop.
  2357 | D        | Noticed an orc knight
  2369 | D        | Killed an orc knight
  2393 | D        | Killed an orc high priest
  2393 | D        | Reached XP level 12. HP: 67/89 MP: 12/12
  2394 | D        | Found Zaum's Antique Armour Boutique.
  2396 | D        | Noticed an orc high priest
  2398 | D        | Killed an orc high priest
  2400 | D        | Found Fogoliema's Gadget Shop.
  2400 | D        | Noticed an orc high priest
  2405 | D        | Killed an orc high priest
  2413 | D        | Received a gift from Trog
  2419 | D        | Killed an orc high priest
  2427 | D        | Killed an orc high priest
  2533 | D        | Bought a wand of hasting (2/9) for 468 gold pieces
  2727 | D        | Noticed a six-headed hydra
  2731 | D        | Received a gift from Trog
  2731 | D        | Reached skill level 3 in Shields
  2736 | D        | Noticed a cyan very ugly thing
  2741 | D        | Reached skill level 4 in Shields
  2750 | D        | Killed a six-headed hydra
  2750 | D        | Reached skill level 6 in Shields
  2756 | D        | Noticed a sun demon
  2769 | D        | Killed a cyan very ugly thing
  2769 | D        | Reached skill level 8 in Shields
  2779 | D        | Received a gift from Trog
  2779 | D        | Reached skill level 9 in Shields
  2781 | D        | Noticed a tengu warrior
  2787 | D        | Noticed a ghost crab
  2787 | D        | a death drake changed into a ghost crab
  2792 | D        | a ghost crab changed into a boulder beetle
  2799 | D        | Killed a tengu warrior
  2800 | D        | Reached skill level 10 in Shields
  2806 | D        | Received a gift from Trog
  2951 | D        | Noticed Nessos
  2953 | D        | Noticed Maurice
  2975 | D        | Killed Maurice
  2975 | D        | Received a gift from Trog
  2997 | D        | Killed Nessos
  2997 | D        | Reached skill level 11 in Shields
  2997 | D        | Reached XP level 13. HP: 96/96 MP: 13/13
  3031 | D        | Noticed a thorn hunter
  3044 | D        | Reached skill level 12 in Shields
  3054 | D        | Killed a thorn hunter
  3054 | D        | Reached skill level 13 in Shields
  3083 | D        | Reached skill level 14 in Shields
  3415 | D        | Received a gift from Trog
  3417 | D        | Noticed a merfolk impaler
  3466 | D        | Reached skill level 15 in Shields
  3479 | D        | Received a gift from Trog
  3496 | D        | Killed a merfolk impaler
  3513 | D        | Noticed a greater naga
  3513 | D        | Noticed a greater naga
  3522 | D        | Reached skill level 16 in Shields
  3536 | D        | Killed a greater naga
  3553 | D        | Killed a greater naga
  3553 | D        | Received a gift from Trog
  3553 | D        | Reached skill level 17 in Shields
  3579 | D        | Reached skill level 18 in Shields
  3612 | D        | Received a gift from Trog
  3632 | D        | Noticed an emperor scorpion
  3633 | D        | Noticed a spark wasp
  3648 | D        | Reached skill level 19 in Shields
  3682 | D        | Killed an emperor scorpion
  3706 | D        | Reached skill level 20 in Shields
  3724 | D        | Killed a spark wasp
  3724 | D        | Received a gift from Trog
  3851 | D        | Noticed a shadow dragon
  3851 | D        | Noticed an entropy weaver
  3867 | D        | Noticed an entropy weaver
  3869 | D        | Noticed an entropy weaver
  3885 | D        | Noticed a fire giant
  3891 | D        | Killed an entropy weaver
  3891 | D        | Received a gift from Trog
  3891 | D        | Reached skill level 21 in Shields
  3891 | D        | Gained mutation: Your large and strong wings let you fly indefinitely. [Gargoyle growth]
  3891 | D        | Reached XP level 14. HP: 102/102 MP: 14/14
  3901 | D        | Noticed a fire giant
  3902 | D        | Noticed a white very ugly thing
  4010 | D        | Reached skill level 1 in Evocations
  4028 | D        | Killed a shadow dragon
  4028 | D        | Received a gift from Trog
  4029 | D        | Received a gift from Trog
  4029 | D        | Reached skill level 5 in Evocations
  4440 | D        | Killed a fire giant
  4456 | D        | Killed a fire giant
  4456 | D        | Received a gift from Trog
  4464 | D        | Noticed a cyan very ugly thing
  4465 | D        | Noticed a frost giant
  4467 | D        | Noticed a vampire knight
  4467 | D        | Noticed a fire giant
  4470 | D        | Noticed a purple very ugly thing
  4486 | D        | Killed a white very ugly thing
  4509 | D        | Killed a white very ugly thing
  4529 | D        | Killed a frost giant
  4549 | D        | Killed a fire giant
  4549 | D        | Received a gift from Trog
  4567 | D        | Killed a purple very ugly thing
  4571 | D        | Paralysed by something for 5 turns
  4593 | D        | Killed a vampire knight
  4593 | D        | Received a gift from Trog
  4728 | D        | Noticed an ironheart preserver
  4751 | D        | Killed an ironheart preserver
  4751 | D        | Reached skill level 22 in Shields
  4785 | D        | Reached skill level 15 in Maces & Flails
  4831 | D        | Received a gift from Trog
  4852 | D        | Reached skill level 15 in Dodging
  4887 | D        | Noticed a lich
  4897 | D        | Received a gift from Trog
  4916 | D        | Noticed Margery
  4928 | D        | Killed a lich
  4928 | D        | Reached XP level 15. HP: 98/111 MP: 19/19
  4952 | D        | Killed Margery
  4964 | D        | Noticed a fire giant
  4969 | D        | Received a gift from Trog
  4988 | D        | Killed a fire giant
  5087 | D        | Noticed Wiglaf
  5128 | D        | Killed Wiglaf
  5128 | D        | Reached skill level 23 in Shields
  5484 | D        | Noticed Nikola
  5509 | D        | Noticed Xtahua
  5518 | D        | Killed Nikola
  5518 | D        | Received a gift from Trog
  5547 | D        | Paralysed by Xtahua for 6 turns
  5553 | D        | HP: 1/112 [Xtahua (13)]
  5554 | D        | Killed from afar by Xtahua

Vault maps used:
D:        linesprint

Skill      XL: |  1  2  3  4  5  6  7  8  9 10 11 12 13 14 15 |
---------------+----------------------------------------------+-----
Dodging        | 2 3 4 5 6 7 8 9 11 12 13 15 16 | 16.0
Armour         | 3 4 5 6 8 9 11 12 13 16 17 19 | 19.8
Fighting       | 4 6 7 9 10 11 12 14 16 17 19 20 | 20.0
Maces & Flails | 4 5 6 8 9 10 11 13 15 16 | 16.6
Shields        | 11 21 22 23 | 23.1
Evocations     | 5 |  5.8

Action                   |  1- 3 |  4- 6 |  7- 9 | 10-12 | 13-15 || total
-------------------------+-------+-------+-------+-------+-------++-------
Melee: Mace              |    35 |       |       |       |       ||    35
       Dire flail        |     5 |    15 |    84 |       |       ||   104
       Great mace        |       |       |     8 |    74 |       ||    82
       Demon whip        |       |       |       |   388 |   938 ||  1326
Invok: Trog's Hand       |       |     1 |     1 |     4 |     2 ||     8
       Berserk           |       |     1 |     1 |     2 |     4 ||     8
       Brothers in Arms  |       |       |       |     1 |     3 ||     4
Evoke: Wand              |       |       |       |       |     7 ||     7
  Use: Potion            |       |       |     3 |       |     6 ||     9
       Scroll            |       |       |       |       |     2 ||     2
  Eat: Chunk             |       |       |     1 |     2 |     5 ||     8
       Bread ration      |       |       |     1 |     1 |     2 ||     4
       Meat ration       |       |       |       |     1 |     1 ||     2
       Beef jerky        |       |       |       |     1 |       ||     1
       Fruit             |       |       |       |       |     1 ||     1
Armor: Animal skin       |    11 |       |       |       |       ||    11
       Scale mail        |     2 |     8 |    25 |    85 |       ||   120
       Plate armour      |       |       |       |    51 |   199 ||   250
Dodge: Dodged            |    25 |     4 |    49 |   179 |   116 ||   373
Block: Large shield      |       |       |       |    73 |   572 ||   645
